 Dungeon Crawl Stone Soup version 0.22-a0-482-g76e0a5f (webtiles) character file.

29 stealthycow the Shield-Bearer (level 3, 0/36 HPs)
             Began as a Troll Fighter on June 17, 2018.
             Slain by an orc
             ... wielding a +0 mace
              (2 damage)
             ... on level 2 of the Dungeon.
             The game lasted 00:01:32 (653 turns).

stealthycow the Shield-Bearer (Troll Fighter)        Turns: 653, Time: 00:01:33

Health: 0/36       AC:  5    Str: 25      XL:     3   Next: 1%
Magic:  2/2        EV:  7    Int:  4      God:
Gold:   100        SH:  7    Dex:  3 (9)  Spells: 2/2 levels left

rFire    . . .     SeeInvis .     - Unarmed
rCold    . . .     Gourm    +   b - +0 shield
rNeg     . . .     Faith    .   a - +0 robe
rPois    .         Spirit   .   (helmet restricted)
rElec    .         Reflect  .   (no cloak)
rCorr    .         Harm     .   (gloves unavailable)
MR       .....                  (boots unavailable)
Stlth    +.........             (no amulet)
HPRegen  0.52/turn              (no ring)
MPRegen  0.08/turn              (no ring)

@: drained
A: large, unfitting armour, claws 3, fast metabolism 3, gourmand, regeneration
1, shaggy fur 1, tough skin 2
a: no special abilities


You were on level 2 of the Dungeon.
You were very full.

You visited 1 branch of the dungeon, and saw 2 of its levels.

You collected 100 gold pieces.

Inventory:

Missiles
 l - 4 large rocks (quivered)
Armour
 a - a +0 robe (worn)
 b - a +0 shield (worn)
Jewellery
 h - a +2 ring of protection {unknown}
Scrolls
 e - 3 scrolls of teleportation {unknown}
 f - 2 scrolls of identify {unknown}
 g - 2 scrolls of enchant weapon {unknown}
 k - a scroll of enchant armour {unknown}
 m - a scroll of magic mapping {unknown}
Potions
 c - a potion of might
 i - a potion of lignification {unknown}
 n - 2 potions of flight {unknown}
Comestibles
 d - 4 rations
 j - 2 chunks of flesh


   Skills:
 + Level 2.6(2.0) Fighting
 + Level 2.6(1.9) Dodging
 + Level 2.6(2.0) Shields
 * Level 2.6(2.0) Unarmed Combat


You had 2 spell levels left.
You didn't know any spells.
Your spell library was empty.

Dungeon Overview and Level Annotations

Branches:
Dungeon (2/15)

Altars:
Okawaru

Annotations:
D:2 1 transporter


Innate Abilities, Weirdness & Mutations

You are too large for most types of armour.
You have claws for hands.
Your metabolism is lightning-fast.
You like to eat raw meat.
Your natural rate of healing is unusually fast.
You are covered in fur. (AC +1)
You have very tough skin. (AC +2)


Message History

You block the orc's attack. The rat barely misses you.
The quasit barely misses you. You block the quasit's attack.
The quasit claws you but does no damage.
You closely miss the quasit.
The quasit is severely wounded.
The goblin barely misses you.
The quasit bites you but does no damage.
The quasit claws you but does no damage. x2
The rat bites you but does no damage. The orc hits you with a mace.
* * * LOW HITPOINT WARNING * * *
You barely miss the quasit.
The quasit is severely wounded.
You block the goblin's attack. The quasit bites you.
* * * LOW HITPOINT WARNING * * *
You feel clumsy. You block the quasit's attack. The quasit claws you.
* * * LOW HITPOINT WARNING * * *
You feel clumsy. The rat bites you but does no damage.
The orc hits you with a mace.
You die...

##### ... #.# #########.###
## ##...........## ..
#..#########..# .#
#.##...©...##.# .#
#.#8......r8#.####### .#
##.#$?....@5.#........
.######).#$$....og.#...#####
........©#_$....©..#©..#
.........#$$.......#..##
.#######.#$[.......#..# .#
#.#8.......8#..# .#
#.##.......##..# ....
#.)#########...# ####
.............#.#


You could see a quasit, an orc, a goblin and a rat.

Vanquished Creatures
  2 dart slugs (D:1)
  3 bats
  A giant cockroach (D:1)
  5 goblins (D:1)
  5 hobgoblins (D:1)
  3 frilled lizards
  2 kobolds (D:1)
  2 rats (D:1)
23 creatures vanquished.

Notes
Turn   | Place    | Note
-------+----------+-------------------------------------------
     0 | D:1      | stealthycow the Troll Fighter began the quest for the Orb.
     0 | D:1      | Reached XP level 1. HP: 22/22 MP: 0/0
   185 | D:1      | Reached XP level 2. HP: 29/29 MP: 1/1
   589 | D:2      | Reached XP level 3. HP: 36/36 MP: 2/2
   600 | D:2      | Found an iron altar of Okawaru.
   605 | D:2      | Found a transporter.
   617 | D:2      | Found a transporter.
   653 | D:2      | Slain by an orc

Vault maps used:
D:1:      mrwooster_arrival_arrow
D:2:      minmay_wonky_spiral, gammafunk_temple_overflow_arena, first_ration,
          fedhas_altar_1, uniq_jessica

Action                   || total
-------------------------++-------
Melee: Unarmed           ||    89
Throw: Large rock        ||     1
  Eat: Chunk             ||    11
Armor: Robe              ||    77
Dodge: Dodged            ||    48
Block: Shield            ||    61

Table legend:
 A = Spawn XP
 B = Non-spawn XP
 C = Spawn XP percentage of total XP
 D = Spawn monster count
 E = Non-spawn monster count
 F = Spawn count percentage of total count
 G = Total turns spent on level
                    A         B        C        D         E        F      G
               +---------+---------+-------+---------+---------+-------+---------
         Total |       0 |      42 |   0.0 |       0 |      23 |   0.0 |   653
               +---------+---------+-------+---------+---------+-------+---------
           D:1 |       0 |      40 |   0.0 |       0 |      21 |   0.0 |   587
           D:2 |       0 |       2 |   0.0 |       0 |       2 |   0.0 |    66
               +---------+---------+-------+---------+---------+-------+---------
